 Dungeon Crawl Stone Soup version 0.25-a0-287-g56a5b49892 (webtiles) character file.

Game seed: 17288979789482720368, levelgen mode: deterministic

1929 D1HalberdGnoll the Changer (level 9, -1/88 HPs)
             Began as an Octopode Transmuter on Dec 12, 2019.
             Was a Believer of Dithmenos.
             Succumbed to a killer bee's poison
             ... on level 7 of the Dungeon.
             The game lasted 00:10:49 (9521 turns).

D1HalberdGnoll the Changer (Octopode Transmuter)    Turns: 9521, Time: 00:10:49

Health: -1/88      AC:  1    Str: 14    XL:     9   Next: 17%
Magic:  12/12      EV: 14    Int: 15    God:    Dithmenos [**....]
Gold:   383        SH:  5    Dex: 16    Spells: 4/12 levels left

rFire    . . .     SeeInvis .     - Unarmed
rCold    . . .     Gourm    .   n - +0 buckler
rNeg     . . .     Faith    .   (helmet restricted)
rPois    .         Spirit   .   (no amulet)
rElec    .         Reflect  .   (no ring)
rCorr    .         Harm     .   (no ring)
MR       .....                  (no ring)
Stlth    ..........             (no ring)
HPRegen  0.24/turn              (no ring)
MPRegen  0.13/turn              (no ring)
                                (no ring)
                                (no ring)

@: berserking, lethally poisoned (-1 -> -21), appendage, wreathed by umbra, very
quick
A: almost no armour, stealthy swim, amphibious, 8 rings, constrict 8, tentacle
spike 3, camouflage 1, gelatinous body 1
a: End Transformation, Shadow Step, Renounce Religion


You were on level 7 of the Dungeon.
You worshipped Dithmenos.
Dithmenos was pleased with you.
You were not hungry.
One of your tentacles had a temporary spike.
You visited 1 branch of the dungeon, and saw 7 of its levels.

You collected 383 gold pieces.

Inventory:

Missiles
 a - 109 arrows (quivered)
Armour
 n - a +0 buckler (worn)
Wands
 p - a wand of iceblast (3)
Scrolls
 b - 3 scrolls of remove curse
 e - a scroll of fear
 g - 4 scrolls of teleportation
 j - 5 scrolls of immolation
 k - a scroll of identify
Potions
 d - 3 potions of cancellation
 h - 2 potions of flight
 i - a potion of might {unknown}
 l - a potion of heal wounds {unknown}
 m - 3 potions of agility
 o - a potion of lignification {unknown}
 r - a potion of resistance {unknown}
 t - a potion of berserk rage
Comestibles
 c - 9 rations


   Skills:
 + Level 4.7 Fighting
 - Level 2.7 Dodging
 + Level 6.4 Stealth
 - Level 4.0 Shields
 + Level 5.6 Unarmed Combat
 - Level 2.0 Spellcasting
 * Level 7.0 Transmutations


You had 4 spell levels left.
You knew the following spells:

 Your Spells              Type           Power        Failure   Level  Hunger
a - Beastly Appendage     Tmut           ###...       1%          1    #......
b - Sticks to Snakes      Tmut           ###.....     1%          2    ###....
c - Blade Hands           Tmut           ###.......   34%         5    ######.

Your spell library contained the following spells:

 Spells                   Type           Power        Failure   Level  Hunger
 Spider Form              Tmut/Pois      ##........   16%         3    ###....
 Freeze                   Ice            #...         22%         1    #......
 Ice Form                 Ice/Tmut       ##......     45%         4    #####..
 Ozocubu's Armour         Chrm/Ice       #.......     54%         3    ###....
 Hailstorm                Conj/Ice       #.......     91%         4    #####..
 Summon Ice Beast         Ice/Summ       #.......     91%         4    #####..


Dungeon Overview and Level Annotations

Branches:
Dungeon (7/15)             Temple (0/1) D:4

Altars:
Dithmenos
Hepliaklqana
Kikubaaqudgha
Ru
Trog
Uskayaw
Vehumet
Wu Jian
Xom
Yredelemnul

Annotations:
D:4 exclusion: statue


Innate Abilities, Weirdness & Mutations

You cannot wear most types of armour.
You are very stealthy in the water. (Stealth+)
You are amphibious.
You can wear up to eight rings at the same time.
You can use your tentacles to constrict eight enemies at once.
Your skin changes colour to match your surroundings (Stealth+).
Your rubbery body absorbs attacks. (AC +1, EV +1)
One of your tentacles bears a large vicious spike.


Message History

Dithmenos accepts your kill.
* * * LOW HITPOINT WARNING * * *
You feel sick. The killer bee barely misses you.
You closely miss the killer bee. Your grab misses the killer bee.
Your squeeze misses the killer bee.
The killer bee is heavily wounded.
* * * LOW HITPOINT WARNING * * *
You feel sick. The killer bee stings you.
* * * LOW HITPOINT WARNING * * *
You barely miss the killer bee. Your grab misses the killer bee.
Your tentacle spike misses the killer bee.
Your squeeze misses the killer bee.
The killer bee is heavily wounded.
* * * LOW HITPOINT WARNING * * *
You feel sick. The killer bee barely misses you.
You are too berserk!
You miss the killer bee. Your grab misses the killer bee.
Your tentacle spike misses the killer bee.
The killer bee is heavily wounded.
You die...

##################
#.................
#.##########......
#@# ## ###....
#y##...# ##...
#yc..# #...
#...#.# #..>
#..†.# #...
#...... #...
#....(.# ####
#.##.### #.# .#


You could see a centaur and 2 killer bees.

Vanquished Creatures
  Grinder (D:4)
  An ice beast (D:5)
  An ogre (D:5)
  2 centaurs
  A bullfrog (D:6)
  A scorpion (D:5)
  4 killer bees (D:7)
  4 wights (D:6)
  2 howler monkeys (D:5)
  A crimson imp (D:7)
  2 hounds (D:5)
  A quasit (D:6)
  3 bullfrog zombies
  A jelly (D:6)
  2 centaur skeletons (D:6)
  An orc wizard (D:6)
  Natasha (thrice) (D:3)
  3 worker ants (D:4)
  A hound skeleton (D:5)
  2 worker ant zombies (D:5)
  A gnoll (D:1)
  A howler monkey skeleton (D:7)
  7 adders
  A shadow imp (D:5)
  2 oozes
  2 worms
  2 dart slugs
  8 leopard geckos
  7 orcs
  6 giant cockroaches
  5 goblins
  6 hobgoblins
  7 jackals
  10 kobolds
  3 quokkas
  3 ball pythons
  A ball python skeleton (D:4)
  8 bats
  3 frilled lizards
  A leopard gecko skeleton (D:4)
  4 rats
125 creatures vanquished.

Vanquished Creatures (collateral kills)
  An orc warrior (D:6)
  A necrophage (D:3)
  A wight (D:6)
3 creatures vanquished.

Grand Total: 128 creatures vanquished

Notes
Turn   | Place    | Note
-------+----------+-------------------------------------------
     0 | D:1      | D1HalberdGnoll the Octopode Transmuter began the quest for
                  | the Orb.
     0 | D:1      | Reached XP level 1. HP: 13/13 MP: 3/3
    37 | D:1      | Reached skill level 1 in Stealth
    37 | D:1      | Reached XP level 2. HP: 11/18 MP: 3/5
   145 | D:1      | Learned a level 2 spell: Sticks to Snakes
   255 | D:1      | Reached XP level 3. HP: 8/23 MP: 2/6
   957 | D:2      | Found a shadowy altar of Dithmenos.
  1382 | D:2      | Reached XP level 4. HP: 27/29 MP: 7/7
  1405 | D:2      | Became a worshipper of Dithmenos the Shadowed
  1710 | D:3      | Noticed a necrophage
  1722 | D:3      | Killed a necrophage
  1722 | D:3      | Reached skill level 3 in Transmutations
  1722 | D:3      | Reached XP level 5. HP: 34/34 MP: 1/8
  1936 | D:2      | Found a faded altar of an unknown god.
  2086 | D:2      | Found a hide-covered altar of Uskayaw.
  2345 | D:3      | Found a sacrificial altar of Ru.
  2624 | D:3      | Noticed Natasha
  2631 | D:3      | Killed Natasha
  2736 | D:3      | Reached * piety under Dithmenos
  3282 | D:3      | Found a sacrificial altar of Ru.
  3389 | D:3      | Noticed Natasha
  3395 | D:3      | Killed Natasha
  3395 | D:3      | Reached skill level 1 in Shields
  3395 | D:3      | Reached XP level 6. HP: 28/41 MP: 7/9
  3803 | D:3      | Noticed Natasha
  3810 | D:3      | Killed Natasha
  3810 | D:3      | Reached skill level 4 in Transmutations
  4103 | D:3      | Found a sacrificial altar of Ru.
  4220 | D:4      | Noticed Grinder
  4280 | D:4      | Killed Grinder
  4280 | D:4      | Reached XP level 7. HP: 29/45 MP: 5/10
  5270 | D:4      | Found a shimmering altar of Xom.
  5332 | D:4      | Found a basalt altar of Yredelemnul.
  5386 | D:4      | Found a radiant altar of Vehumet.
  5409 | D:4      | Found a staircase to the Ecumenical Temple.
  5485 | D:5      | Entered Level 5 of the Dungeon
  5490 | D:5      | Found a hazy altar of Hepliaklqana.
  5491 | D:5      | Found a bloodstained altar of Trog.
  5702 | D:5      | Got a crude whip
  5703 | D:5      | Identified the +2 whip of Doshra {speed, rElec rPois rN+
                  | Str-3} (You found it on level 5 of the Dungeon)
  5726 | D:5      | Reached skill level 5 in Transmutations
  5990 | D:5      | Reached XP level 8. HP: 43/52 MP: 9/11
  6023 | D:5      | Found an ancient bone altar of Kikubaaqudgha.
  6356 | D:5      | Reached skill level 5 in Stealth
  6935 | D:5      | Found a hazy altar of Hepliaklqana.
  6936 | D:5      | Found a bloodstained altar of Trog.
  7725 | D:5      | Found an ancient bone altar of Kikubaaqudgha.
  8023 | D:6      | Reached skill level 5 in Unarmed Combat
  8023 | D:6      | Reached skill level 6 in Transmutations
  8401 | D:6      | Learned a level 5 spell: Blade Hands
  8453 | D:6      | Found an ornate altar of the Wu Jian Council.
  8587 | D:6      | Reached ** piety under Dithmenos
  9014 | D:6      | Reached XP level 9. HP: 56/59 MP: 10/12
  9516 | D:7      | Reached skill level 7 in Transmutations
  9519 | D:7      | HP: 2/88 [killer bee (4)]
  9521 | D:7      | Succumbed to a killer bee's poison

Levels and vault maps discovered:
D:1:      minmay_arrival_doors, layout_rooms, minmay_door_square
D:2:      layout_basic, old_standard_altar, nicolae_dithmenos_shadow_blocks,
          chequers_ecumenical_altar_simple_redux, minmay_statues_item
D:3:      layout_loops_corners, nicolae_ru_sacrificial_ziggurat, uniq_natasha
D:4:      layout_rooms, vehumet_statue, kennysheep_little_box, kennysheep_mini,
          minmay_temple_entry_antechambers, first_ration, uniq_grinder
D:5:      layout_basic, grunt_temple_overflow_open, basic_altar
D:6:      layout_loops_ring, overflow_temple_1_default,
          minmay_misc_feat_diagonals
D:7:      layout_basic, hangedman_decor_slide_cut, dk_noncrumbling_4,
          hangedman_abyss_or_decor_slice

Skill      XL: |  1  2  3  4  5  6  7  8  9 |
---------------+----------------------------+-----
Stealth        | 1 2 3 4 6 |  6.4
Fighting       | 2 3 4 |  4.7
Transmutations | 3 4 5 6 7 |  7.0
Shields        | 1 2 3 4 |  4.0
Unarmed Combat | 4 5 |  5.6
Dodging        | |  2.7
Spellcasting   | |  2.0

Action                   |  1- 3 |  4- 6 |  7- 9 || total
-------------------------+-------+-------+-------++-------
Melee: Unarmed           |    71 |    80 |   213 ||   364
       Tentacles         |    17 |    12 |    30 ||    59
       Constrict         |    19 |    24 |    44 ||    87
       Kick              |    10 |    19 |    59 ||    88
       Punch             |     1 |     2 |    12 ||    15
 Cast: Beastly Appendage |    14 |    18 |    30 ||    62
       Sticks to Snakes  |     1 |     5 |    16 ||    22
Evoke: Wand              |       |       |     7 ||     7
  Use: Scroll            |       |     8 |     6 ||    14
       Potion            |       |       |     4 ||     4
 Stab: Sleeping          |     9 |    10 |    12 ||    31
  Eat: Chunk             |     2 |     9 |     9 ||    20
       Ration            |       |       |     3 ||     3
Armor: Skin              |    11 |     3 |     1 ||    15
Dodge: Dodged            |    62 |    35 |   149 ||   246
Block: Buckler           |       |     5 |    41 ||    46

Table legend:
 A = Non-vault XP
 B = Vault XP
 C = Vault XP percentage of total XP
 D = Non-vault monster count
 E = Vault monster count
 F = Vault count percentage of total count
                 A         B        C        D         E       F
            +---------+---------+-------+---------+---------+-------
      Total |    2464 |     293 |  10.6 |     126 |       2 |   1.6
            +---------+---------+-------+---------+---------+-------
        D:1 |      60 |       0 |   0.0 |      23 |       0 |   0.0
        D:2 |      61 |       0 |   0.0 |      21 |       0 |   0.0
        D:3 |     222 |      35 |  13.6 |      18 |       1 |   5.3
        D:4 |     182 |     258 |  58.6 |      16 |       1 |   5.9
        D:5 |     773 |       0 |   0.0 |      20 |       0 |   0.0
        D:6 |     855 |       0 |   0.0 |      22 |       0 |   0.0
        D:7 |     311 |       0 |   0.0 |       6 |       0 |   0.0
            +---------+---------+-------+---------+---------+-------
